 Dungeon Crawl Stone Soup version 0.18.1-8-gdd0e5ea (webtiles) character file.

621 nikopol the Skirmisher (level 7, -2/63 HPs)
             Began as a Minotaur Berserker on May 29, 2016.
             Was a Priest of Trog.
             Slain by a killer bee (8 damage)
             ... on level 4 of the Dungeon.
             The game lasted 00:09:58 (2438 turns).

nikopol the Skirmisher (Minotaur Berserker)         Turns: 2438, Time: 00:09:58

Health: -2/63      AC: 10    Str: 22    XL:     7   Next: 22%
Magic:  6/6        EV: 12    Int:  4    God:    Trog [***...]
Gold:   239        SH:  0    Dex: 11    Spells: 0 memorised, 6 levels left

rFire  . . .     SeeInvis .     a - +0 spear
rCold  . . .     Gourm    .     u - +0 ring mail (curse)
rNeg   . . .     Faith    .     (no shield)
rPois  +         Spirit   .     (helmet restricted)
rElec  .         Dismiss  .     v - +2 cloak {+Inv}
rCorr  .         Reflect  .     (no gloves)
SustAt .         Harm     .     s - +0 pair of boots
MR     .....                    (no amulet)
Stlth  ..........               z - ring of poison resistance
                                (no ring)

@: confused, drained, not resistant to hostile enchantments, extremely
unstealthy
A: retaliatory headbutt, horns 2
a: Berserk, Trog's Hand, Burn Spellbooks, Renounce Religion, Evoke Invisibility


You were on level 4 of the Dungeon.
You worshipped Trog.
Trog was most pleased with you.
You were not hungry.

You visited 1 branch of the dungeon, and saw 4 of its levels.

You collected 239 gold pieces.

Inventory:

Hand Weapons
 a - a +0 spear (weapon)
Missiles
 w - 63 arrows (quivered)
Armour
 b - a +0 animal skin
 s - a +0 pair of boots (worn)
 u - a cursed +0 ring mail (worn)
 v - a +2 cloak of invisibility (worn)
Jewellery
 z - a ring of poison resistance (right hand)
Scrolls
 d - 2 scrolls of enchant armour {unknown}
 e - a scroll of fear {unknown}
 f - a scroll of immolation {unknown}
 i - 4 scrolls of identify {unknown}
 j - 3 scrolls of remove curse {unknown}
 k - 2 scrolls of magic mapping {unknown}
 l - a scroll of teleportation {unknown}
Potions
 g - 2 potions of magic {unknown}
 h - 3 potions of curing {unknown}
 m - 2 potions of cure mutation {unknown}
 o - a potion of heal wounds {unknown}
 q - a potion of berserk rage {unknown}
 r - a potion of ambrosia {unknown}
 t - 2 potions of mutation {unknown}
Comestibles
 c - 3 bread rations
 n - a meat ration
 p - a slice of pizza
 x - 7 chunks of flesh
 A - a beef jerky


   Skills:
 + Level 6.2(5.7) Fighting
 + Level 5.9(5.4) Polearms
 + Level 4.7(4.2) Armour
 + Level 4.8(4.3) Dodging


You had 6 spell levels left.
You didn't know any spells.

Dungeon Overview and Level Annotations

Branches:
Dungeon (4/15)
 Temple: D:4-7

Altars:
Okawaru
Vehumet
Yredelemnul


Innate Abilities, Weirdness & Mutations

You reflexively headbutt those who attack you in melee.
You have a pair of horns on your head.


Message History

The killer bee stings you.
* * * LOW HITPOINT WARNING * * *
The killer bee closely misses you.
You hear some strange, mumbled words.
A magic dart appears from out of thin air!
The magic dart hits you!
* * * LOW HITPOINT WARNING * * *
You barely miss something. The killer bee closely misses you.
The killer bee barely misses you. The killer bee completely misses you.
The killer bee closely misses you.
You hear some strange, mumbled words.
Something tries to affect you, but you resist.
You miss something. You headbutt something. The killer bee stings you.
* * * LOW HITPOINT WARNING * * *
The killer bee stings you but does no damage.
The killer bee barely misses you.
You hear some strange, mumbled words.
A puff of flame appears from out of thin air!
The puff of flame hits you! The killer bee stings you!
You die...

.#.#..#.# ......#.#
##.#..#.#
...#..#.####### ### #
............... .. ..
##.#)##........ .# #.#
#.#.############.#...##
##.#.# #......y{.......
...#.####......y@.......
..†..........###'##....)
...#.........# ...# ....
##.##........#....# ##
#. #........#....# #.
#........#....# #.
......#.[#....#
#####....#..######
#....#...


You could see 2 killer bees.

Vanquished Creatures
  Edmund (D:4)
  An ogre (D:4)
  The ghost of zeroDi the Sneak, an amateur VSAs (D:3)
  A giant frog (D:3)
  A killer bee (D:4)
  An orc priest (D:3)
  Crazy Yiuf (D:2)
  A giant frog skeleton (D:4)
  3 adders (D:3)
  A gnoll (D:1)
  3 oozes
  2 worms
  A giant gecko (D:2)
  12 orcs
  9 giant cockroaches
  9 goblins
  12 hobgoblins
  3 jackals (D:1)
  3 kobolds (D:3)
  A ball python (D:2)
  10 bats
  4 giant newts
  7 rats
88 creatures vanquished.

Notes
Turn   | Place    | Note
--------------------------------------------------------------
     0 | D:1      | nikopol the Minotaur Berserker began the quest for the Orb.
     0 | D:1      | Reached XP level 1. HP: 19/19 MP: 0/0
    58 | D:1      | Reached XP level 2. HP: 6/27 MP: 1/1
   395 | D:1      | Reached skill level 4 in Fighting
   515 | D:1      | Reached ** piety under Trog
   562 | D:1      | Reached XP level 3. HP: 33/33 MP: 2/2
  1277 | D:2      | Reached XP level 4. HP: 41/41 MP: 3/3
  1433 | D:2      | Noticed Crazy Yiuf
  1440 | D:2      | Killed Crazy Yiuf
  1666 | D:3      | Noticed a giant frog
  1669 | D:3      | Killed a giant frog
  1669 | D:3      | Reached XP level 5. HP: 44/47 MP: 4/4
  1758 | D:3      | Reached *** piety under Trog
  1767 | D:3      | Reached skill level 5 in Fighting
  1767 | D:3      | Reached skill level 5 in Polearms
  1798 | D:3      | Found a basalt altar of Yredelemnul.
  1836 | D:3      | Found a radiant altar of Vehumet.
  2139 | D:3      | Noticed zeroDi's ghost (amateur VSAs)
  2153 | D:3      | Killed zeroDi's ghost
  2153 | D:3      | Reached XP level 6. HP: 54/56 MP: 5/5
  2156 | D:3      | Found an iron altar of Okawaru.
  2319 | D:4      | Noticed Edmund
  2331 | D:4      | Killed Edmund
  2372 | D:4      | Reached skill level 6 in Fighting
  2372 | D:4      | Reached XP level 7. HP: 55/63 MP: 6/6
  2438 | D:4      | Slain by a killer bee

Skill      XL: |  1  2  3  4  5  6 |
---------------+-------------------+-----
Polearms       | 4 5 |  5.9
Fighting       | 4 5 6 |  6.2
Armour         | 3 4 |  4.7
Dodging        | 3 4 |  4.8

Action                   |  1- 3 |  4- 6 |  7- 9 || total
-------------------------+-------+-------+-------++-------
Melee: Spear             |   109 |   131 |    36 ||   276
       Headbutt          |    11 |    26 |     4 ||    41
Invok: Berserk           |       |     2 |       ||     2
 Stab: Sleeping          |     1 |       |       ||     1
  Eat: Chunk             |     1 |     6 |       ||     7
Armor: Animal skin       |    16 |       |       ||    16
       Ring mail         |     1 |    29 |    28 ||    58
Dodge: Dodged            |    43 |    38 |    20 ||   101
